Cogmind - Beta 16 @@@ ROGUE MODE // 2026.01.06 @ 21:02:31 Player: Maxfecteau Result: Destroyed by as-26305 with Assembled Rifle Performance ------------- Evolutions (0) 0 Regions Visited (2) 400 Robots Destroyed (7) 35 Value Destroyed (51) 51 Prototype IDs (0) 0 Alien Tech Used (0) 0 Bonus (0) 0 TOTAL SCORE: 486 Bonus ------- None Cogmind --------- Core Integrity 0/250 Matter 250/300 Energy 99/100 System Corruption 1% Temperature Cool (0) Movement Core (50) Location -10/Mines Parts ------- > --- POWER (1) -------- (None) > --- PROPULSION (2) --- (None) > --- UTILITY (2) ------ Signal Interpreter > --- WEAPON (2) ------- (None) > --- INVENTORY (5) ---- Light Ion Engine Improved Terrain Scanner Peak State ------------ > --- POWER ------------ (None) > --- PROPULSION ------- Flight Unit > --- UTILITY ---------- Signal Interpreter > --- WEAPON ----------- Assault Rifle > --- INVENTORY -------- Light Ion Engine Improved Terrain Scanner Seismic Detector [Rating: 3] Favorites ----------- Power None Propulsion Flight Unit Flight Unit Flight Unit Utility Signal Interpreter Device Seismic Detector Processor Signal Interpreter Weapon Assault Rifle Ballistic Gun Assault Rifle Build | -11 -10 -10 ------- Run | Yrd Mat Min Slots Evolved . | . . . Power . | . . . Propulsion . | . . . Utility . | . . . Weapon . | . . . Parts Attached 4 | 1 2 1 Power . | . . . Engine . | . . . Core . | . . . Reactor . | . . . Propulsion 1 | . 1 . Treads . | . . . Leg . | . . . Wheel . | . . . Hover . | . . . Flight 1 | . 1 . Utility 2 | . 1 1 Device 1 | . . 1 Storage . | . . . Processor 1 | . 1 . Hackware . | . . . Protection . | . . . Artifact . | . . . Weapon 1 | 1 . . Energy Gun . | . . . Energy Cannon . | . . . Ballistic Gun 1 | 1 . . Ballistic Cannon . | . . . Launcher . | . . . Special Weapon . | . . . Impact Weapon . | . . . Slashing Weapon . | . . . Piercing Weapon . | . . . Special Melee Weapon . | . . . Unidentified Prototypes . | . . . Parts Lost 3 | . 1 2 Power . | . . . Propulsion 1 | . . 1 Utility 1 | . . 1 Weapon 1 | . 1 . Highest Loss Streak 2 | . 1 2 To Critical Strikes . | . . . Average Backups 2 | . 3 2 Power . | . 1 1 Propulsion . | . . . Utility 1 | . 2 1 Weapon . | . . . Tool/Special . | . . . Unused Backups 2 | . . 2 Power 1 | . . 1 Propulsion . | . . . Utility 1 | . . 1 Weapon . | . . . Tool/Special . | . . . Average Slot Usage (%) 27 | . 21 38 Flight 5 | . 1 12 Device 4 | . . 12 Processor 9 | . 7 14 Ballistic Gun 8 | . 12 . Peak Build Rating 3 | 1 3 3 Average Rating 1 | . 1 2 On Entrance 1 | . 1 2 Avg Prop Armor Cover (%) . | . . . Naked Turns . | . . . Heaviest Build 2 | 2 2 1 Greatest Support 4 | 3 4 4 Greatest Overweight (x) . | . . . Average Overweight (x) . | . . . Largest Inventory Capacity 5 | 5 5 5 Average Capacity 5 | 5 5 5 Most Carried 3 | 3 3 2 Average Carried 2 | 1 3 2 Final Capacity 5 | 5 5 5 Final Carried 3 | 3 3 2 Class Distribution -------------------- 100% | Mutant Dominant Class ---------------- Mutant | -10/Materials Mutant | -10/Mines Resources | -11 -10 -10 ----------- Run | Yrd Mat Min Matter Collected 303 | 264 17 22 Remotely . | . . . Salvage Created 183 | 166 17 . Parts 13 | 12 1 . Haulers Intercepted . | . . . Recyclers Shooed 1 | 1 . . Parts Field Recycled . | . . . Retrieved Matter . | . . . Parts Self-Destructed . | . . . Prevented . | . . . Parts Restored . | . . . Kills | -11 -10 -10 ------- Run | Yrd Mat Min Combat Hostiles Destroyed 1 | . 1 . Guns 1 | . 1 . Classes Destroyed 3 | 2 1 . Tunneler 5 | 5 . . Recycler 1 | 1 . . Swarmer 1 | . 1 . Best Kill Streak 5 | 5 1 . Combat Bots Only 1 | . 1 . Max Kills in Single Turn 1 | 1 1 . Gunslinging . | . . . Exploded . | . . . Melee . | . . . Uniques/NPCs Destroyed . | . . . Combat | -11 -10 -10 -------- Run | Yrd Mat Min Hostile Shots Fired 57 | . 43 14 Missed 23 | . 16 7 Hits 34 | . 27 7 Projectile 34 | . 27 7 AOE 2 | . . 2 Critical Strikes 1 | . 1 . Damage Taken 396 | 6 226 164 Core 258 | 6 122 130 Absorbed by Shields . | . . . Core Remaining (%) 97 | 97 . . Volleys Fired 41 | 18 23 . Largest 1 | 1 1 . Hottest 20 | 20 20 . Shots Fired 41 | 18 23 . Gun 41 | 18 23 . Cannon . | . . . Launcher . | . . . Special . | . . . Kinetic 41 | 18 23 . Thermal . | . . . Explosive . | . . . Electromagnetic . | . . . Robot Hit Streak 6 | 3 6 . Robot Miss Streak 3 | 1 3 . Penetration Max . | . . . Secondary Targets . | . . . Shots Hit Robots 26 | 13 13 . Core Hits 10 | 7 3 . Critical Kills . | . . . Critical Parts Destroyed . | . . . Critical Strikes . | . . . Melee Attacks . | . . . Impact . | . . . Slashing . | . . . Piercing . | . . . Sneak Attacks . | . . . Combat Hostiles . | . . . Follow-up Attacks . | . . . Damage Inflicted 391 | 173 218 . Guns 378 | 160 218 . Cannons . | . . . Explosions . | . . . Melee . | . . . Ramming 13 | 13 . . Kinetic 378 | 160 218 . Thermal . | . . . Explosive . | . . . Electromagnetic . | . . . Impact . | . . . Slashing . | . . . Piercing . | . . . Highest Corruption 1 | . 1 1 Average Corruption 1 | . 1 1 Corruption Purged . | . . . Corruption Blocked . | . . . Effects 1 | . . 1 Matter Fused 1 | . . 1 Overload Shots . | . . . Overflow Damage . | . . . Projectiles . | . . . Explosions . | . . . Melee . | . . . Knockbacks . | . . . Impact . | . . . Kinetic . | . . . Secondary . | . . . Self-Inflicted Damage 6 | 6 . . Shots . | . . . Rammed 1 | 1 . . Targets Rammed 1 | 1 . . Kicked . | . . . Crushed . | . . . Highest Temperature . | . . . Average Temperature . | . . . Received Heat Transfer . | . . . Siege Activations . | . . . Martial Activations . | . . . Shielding Activations . | . . . Robots Disrupted . | . . . Combat Hostiles . | . . . Robots Corrupted . | . . . Combat Hostiles . | . . . Parts Fried . | . . . Impact Corruptions . | . . . Robots Melted . | . . . Combat Hostiles . | . . . Parts Melted . | . . . Heat Transferred . | . . . Parts Sabotaged . | . . . Parts Stolen . | . . . Parts Stripped . | . . . Power Chain Reactions . | . . . Alert | -11 -10 -10 ------- Run | Yrd Mat Min Maximum Alert Level . | . . . Low Security (%) 100 | 100 100 100 Level 1 . | . . . Level 2 . | . . . Level 3 . | . . . Level 4 . | . . . Level 5 . | . . . High Security . | . . . Max Security . | . . . Peak Influence 45 | 10 45 9 Initial 9 | . . 9 Average 5 | 3 10 2 Influence Increases 95 | 30 65 . Destroy 0b10 Robot/C 20 | . 20 . Destroy 0b10 Robot/NC 30 | 30 . . Destroy Leader 10 | . 10 . Successful Hack 5 | . 5 . Lose Combat Pursuer 30 | . 30 . Influence Decreases 95 | 30 40 25 Entered New Map 16 | . . 16 Time Decay 69 | 30 30 9 Lost Part 10 | . 10 . Squads Dispatched 2 | . 2 . Investigation 1 | . 1 . Extermination . | . . . Reinforcement 1 | . 1 . Assault . | . . . Garrison . | . . . Intercept . | . . . Searches Triggered . | . . . Construction Impeded . | . . . Haulers Reinforced . | . . . Active Scanning Responses . | . . . Cargo Convoy Interrupts . | . . . Stealth | -11 -10 -10 --------- Run | Yrd Mat Min Distress Signals 1 | . 1 . Communications Jammed . | . . . Distress Signals . | . . . Times Spotted 25 | . 6 19 Peak Tracking Total 19 | . 3 19 Tactical Retreats 2 | . 1 1 Traps | -11 -10 -10 ------- Run | Yrd Mat Min Traps Triggered . | . . . Indirectly . | . . . Trap Hack Attempts . | . . . Triggered . | . . . Disarmed . | . . . Reprogrammed . | . . . Reused . | . . . Traps Extracted . | . . . Installed . | . . . Triggered . | . . . Machines | -11 -10 -10 ---------- Run | Yrd Mat Min Machines Disabled . | . . . Max in Single Turn . | . . . Machines Repaired . | . . . Machines Dismantled . | . . . Machines Sabotaged . | . . . Overloaded Fab Kills . | . . . Hacking | -11 -10 -10 --------- Run | Yrd Mat Min Machines Accessed 1 | . 1 . Terminals 1 | . 1 . Fabricators . | . . . Repair Stations . | . . . Recycling Units . | . . . Scanalyzers . | . . . Garrison Access . | . . . Total Hacks 3 | . 3 . Successful 1 | . 1 . Failed 2 | . 2 . Catastrophic 1 | . 1 . Database Lockouts . | . . . Manual 2 | . 2 . Terminals 3 | . 3 . Fabricators . | . . . Repair Stations . | . . . Recycling Units . | . . . Scanalyzers . | . . . Garrison Access . | . . . Terminal Hacks 1 | . 1 . Robot Analysis 1 | . 1 . Fabricator Hacks . | . . . Repair Station Hacks . | . . . Recycling Unit Hacks . | . . . Scanalyzer . | . . . Garrison Access Hacks . | . . . Unauthorized Hacks . | . . . Terminals . | . . . Fabricators . | . . . Repair Stations . | . . . Recycling Units . | . . . Scanalyzers . | . . . Garrison Access . | . . . Data Cores Recovered . | . . . Used . | . . . Hacking Detections 1 | . 1 . Full Trace Events 1 | . 1 . Feedback Events 1 | . 1 . Corruption 1 | . 1 . Feedback Blocked . | . . . Robot Schematics Acquired . | . . . Robots Built . | . . . Authchips . | . . . Time . | . . . Total Robot Build Rating . | . . . Part Schematics Acquired . | . . . Parts Built . | . . . Authchips . | . . . Time . | . . . Total Part Build Rating . | . . . Part Studies Acquired . | . . . Parts Repaired . | . . . Time . | . . . Parts Recycled . | . . . Recycled Matter . | . . . Retrieved Matter . | . . . Retrieved Components . | . . . Parts Scanalyzed . | . . . Part Schematics Acquired . | . . . Parts Damaged . | . . . Bothacking | -11 -10 -10 ------------ Run | Yrd Mat Min Used RIF Installer . | . . . Robots Hacked . | . . . Non-combat . | . . . Combat . | . . . Robot Hacks Applied . | . . . Relay Couplers Released . | . . . Fabnet Peak Effective % . | . . . Robots Rewired . | . . . Allies Hacked . | . . . Hacks Repelled . | . . . Allies | -11 -10 -10 -------- Run | Yrd Mat Min Total Allies . | . . . Largest Group . | . . . Highest-Rated Group . | . . . Highest-Rated Ally . | . . . Total Orders . | . . . Ally Attacks . | . . . Total Damage . | . . . Kills . | . . . Allies Corrupted . | . . . Allies Melted . | . . . Intel | -11 -10 -10 ------- Run | Yrd Mat Min Active Infowar (turns) 56 | . . 56 Seismic 56 | . . 56 Robot Analysis Total 1 | . 1 . Derelict Logs Recovered . | . . . Drone Launches . | . . . Drone Recoveries . | . . . Exploration | -11 -10 -10 ------------- Run | Yrd Mat Min Turns Passed 276 | 106 103 67 Spaces Moved 343 | 128 109 106 Core 264 | 128 101 35 Treads . | . . . Legs . | . . . Wheels . | . . . Hover . | . . . Flight 79 | . 8 71 Fastest Speed 40 | 50 40 40 Average Speed 47 | 50 49 43 Slowest Speed 50 | 50 50 50 Overloaded Moves . | . . . Propulsion Burnouts . | . . . Robots Hopped . | . . . Potential Cave-ins . | . . . Cave-ins Triggered . | . . . Exploration Rate (%) 15 | 3 22 22 Regions Visited 2 Branch Regions 1 Pre-discovered Areas . | . . . Known Exits Taken 1 | . 1 . Unknown Exits Taken 1 | 1 . . Scrap Searched . | . . . Spaces Dug . | . . . Terrain Destroyed . | . . . Melee . | . . . Projectile . | . . . AOE . | . . . Terrain Rammed . | . . . Walls Destroyed . | . . . Machines Disabled . | . . . Actions | -11 -10 -10 --------- Run | Yrd Mat Min Total 411 | 151 133 127 Wait 20 | . . 20 Move 341 | 127 108 106 Hop . | . . . Pick Up 4 | 4 . . Fast Attach 2 | . 2 . Attach 2 | 1 . 1 Detach . | . . . Swap . | . . . Drop . | . . . Fire 41 | 18 23 . Melee . | . . . Ram 1 | 1 . . Kick . | . . . Crush . | . . . Escape Stasis . | . . . Rewire . | . . . Trap . | . . . Miscellaneous . | . . . Route ------- -11/Scrapyard -10/Materials -10/Mines (discovered 1 exit: [*Mat]) History --------- Turn | Location | Event 7 | -11/Scrapyard | Discovered new exit (range 15) 107 | -11/Scrapyard | Entered Materials 208 | -10/Materials | Discovered new exit (range 6) 209 | -10/Materials | Identified exit to Mines 210 | -10/Materials | Entered Mines 211 | -10/Mines | Core integrity fell below 50% 217 | -10/Mines | Assembled infested the area 222 | -10/Mines | Assisted by a Guerilla fighting off Assembled 261 | -10/Mines | Core integrity fell below 20% 276 | -10/Mines | Discovered new exit (range 6) 277 | -10/Mines | Destroyed by as-26305 with Assembled Rifle Last Messages --------------- 00209_ EXIT=IDENTIFIED: MINES LOCATION=MINES GOAL=ESCAPE 00217_ ALERT: Infestation in the mines, dispatching Demolisher response squad. 00222_ A derelict emerges from the shadows: "You need to get out of here! I've been tracking a group of Assembled to figure out where they're coming from, and they're closing on this area, come on!" 00244_ System corrupted: Matter fused (-5). 00252_ U7-GVI(h): "I'll hold them off! Go on ahead or try to find another way!" 00260_ C-45 Heavy ARC bursts open, deploying its payload. 00260_ D-53 Grenadier unfolds itself. 00260_ Flight Unit destroyed. 00261_ The unstable cave ceiling collapses. 00266_ Seismic Detector destroyed. 00269_ Extracted 7 matter. 00270_ Acquired 15 matter. 00276_ EXIT=FOUND 00277_ A derelict emerges from the shadows. Map ----- +----------------------------------------------------+ | ??????????????????????????????????? | | ??????????????????????????????????? | | ??????????????????????????????????? | | ??????????????????????????????????? | | ??????????????????????????????????? | | ??????????????????????????????????? | | ??????????????????????????????????? | | ??????????????????????????????????? | | ??????????????????????????????????? | | ??????????????????????????????????? | | ??????????????????????????? ??????? | | ??????????????????????????? ?????? | | ??????????????????????????? ?????? | | ??????????????????????????? #?????? | | ?????????????????????????? #?????? | | ?????????????????????????? #?????? | | ?????????????????????????? #?????? | | ?????????????????????????? #?????? | | ????????? ???????????????? #?????? | | ????????? ##?????????????? #?????? | | ????????? #???????????### ##????? | | ####????? ??????????## #????? | | #????? ?????????##